 Dungeon Crawl Stone Soup version 0.26-a0-610-g3e9335b (webtiles) character file.

Game seed: 14895224100628883042

30023 B1Gdaddy5 the Slicer (level 13, 0/99 HPs)
             Began as a Human Berserker on Sept 3, 2020.
             Was a High Priest of Trog.
             Slain by a jumping spider (3 damage)
             ... on level 1 of the Spider Nest.
             The game lasted 02:29:29 (19291 turns).

B1Gdaddy5 the Slicer (Human Berserker)             Turns: 19291, Time: 02:29:29

Health: 0/99       AC: 20    Str: 22    XL:     13   Next: 85%
Magic:  13/13      EV: 15    Int:  8    God:    Trog [*****.]
Gold:   852        SH:  6    Dex: 13    Spells: 12/12 levels left

rFire    . . .     SeeInvis .   L - +8 arc blade {discharge, rElec}
rCold    . . .     Faith    .   r - +0 buckler
rNeg     . . .     Spirit   .   I - +1 plate armour
rPois    .         Reflect  .   q - +1 helmet
rElec    +         Harm     .   c - +1 cloak
rCorr    .                      (no gloves)
MR       +....                  u - +0 pair of boots
Stlth    ..........             S - amulet of regeneration
HPRegen  0.66/turn              E - +4 ring of evasion
MPRegen  0.13/turn              f - ring of protection from magic

@: slowed, studying 2 skills, very slow
A: no striking features
a: Berserk, Trog's Hand, Brothers in Arms, Renounce Religion


You were on level 1 of the Spider Nest.
You worshipped Trog.
Trog was extremely pleased with you.
You visited 3 branches of the dungeon, and saw 16 of its levels.

You collected 852 gold pieces.

Inventory:

Hand Weapons
 o - a +2 flail of protection
 z - a +3 quarterstaff of chaos
 D - the +7 rapier of Mounteimp {freeze, *Noise rElec rPois MR++}
   (You took it off a centaur on level 7 of the Dungeon)

   It has been specially enchanted to freeze those struck by it, causing extra
   injury to most foes and up to half again as much damage against particularly
   susceptible opponents.
   It can also slow down cold-blooded creatures.
   It insulates you from electricity.
   It protects you from poison.
   It affects your resistance to hostile enchantments.
   It may make noises in combat.
 L - the +8 arc blade (weapon) {discharge, rElec}
   (Trog gifted it to you on level 4 of the Lair of Beasts)

   It insulates you from electricity.
Armour
 c - a +1 cloak (worn)
 q - a +1 helmet (worn)
 r - a +0 buckler (worn)
 u - a +0 pair of boots (worn)
 H - a +0 kite shield
 I - a +1 plate armour (worn)
Magical Staves
 i - an uncursed staff of death {unknown}
 O - an uncursed staff of death {unknown}
Jewellery
 f - a ring of protection from magic (right hand)
 m - an uncursed amulet of magic regeneration
 E - a +4 ring of evasion (left hand)
 F - an uncursed ring of ice
 K - an uncursed ring of fire
 Q - an uncursed ring of resist corrosion
 S - an amulet of regeneration (around neck)
Wands
 a - a wand of digging (3)
 b - a wand of acid (5)
 e - a wand of iceblast (13)
 P - a wand of polymorph (11)
 Y - a wand of disintegration (14)
Scrolls
 s - 2 scrolls of teleportation
 t - 2 scrolls of random uselessness {unknown}
 v - 3 scrolls of remove curse
 w - 5 scrolls of enchant weapon
 x - 6 scrolls of identify
 y - a scroll of fear {unknown}
 B - a scroll of holy word {unknown}
 M - 2 scrolls of amnesia
 R - a scroll of blinking
 T - 4 scrolls of magic mapping
 V - a scroll of fog
 W - a scroll of summoning {unknown}
 Z - 2 scrolls of immolation
Potions
 d - 7 potions of curing
 g - a potion of invisibility
 h - 7 potions of ambrosia
 j - 4 potions of might
 k - a potion of magic {unknown}
 l - 4 potions of mutation
 n - 2 potions of lignification
 p - 3 potions of haste
 C - a potion of brilliance {unknown}
 G - 3 potions of heal wounds
 X - a potion of cancellation {unknown}
Books
 A - a manual of Dodging
 J - a manual of Maces & Flails
Miscellaneous
 N - a condenser vane (2/2)


   Skills:
 + Level 8.5 Fighting
 - Level 14.0 Short Blades
   Level 8.1 Polearms
 + Level 8.1 Armour
 + Level 10.3 Dodging
 - Level 0.2 Stealth
 + Level 8.5 Shields


You had 12 spell levels left.
You didn't know any spells.
Your spell library contained the following spells:

 Spells                   Type           Power        Failure   Level
 Animate Skeleton         Necr           #.....       100%        1
 Beastly Appendage        Tmut           #.....       100%        1
 Corona                   Hex            #......      100%        1
 Pain                     Necr           #...         100%        1
 Ensorcelled Hibernation  Hex/Ice        #.....       100%        2
 Wereblood                Tmut           #.......     100%        2
 Confusing Touch          Hex            #.......     100%        3
 Dazzling Flash           Conj/Hex       #.....       100%        3
 Spider Form              Tmut/Pois      #.........   100%        3
 Tukima's Dance           Hex            #.......     100%        3
 Vampiric Draining        Necr           #.........   100%        3
 Animate Dead             Necr           #.........   100%        4
 Ice Form                 Ice/Tmut       #.......     100%        4
 Agony                    Necr           #.......     100%        5
 Blade Hands              Tmut           #.........   100%        5


Dungeon Overview and Level Annotations

Branches:
Dungeon (11/15)            Temple (0/1) D:6            Lair (4/6) D:11
 Spider (1/4) Lair:4
  Swamp: Lair:2-4    Shoals: Lair:2-4       Orc: D:9-12

Altars:
Dithmenos
Elyvilon
Hepliaklqana
Kikubaaqudgha
Okawaru
Qazlal
Sif Muna
Trog
Wu Jian
The Shining One

Shops:
D:7 [   D:10 =

Annotations:
D:8 Gastronok
D:11 exclusion: 2 oklob plants


Message History

The jumping spider leaps!
The jumping spider closely misses you. The jumping spider misses you.
The jumping spider leaps! x3
The jumping spider leaps! x3
The orb spider spins a strand of pure energy.
The jumping spider leaps!
A torpor snail comes into view.
Being near the torpor snail leaves you feeling lethargic.
The jumping spider pounces on you but does no damage.
The jumping spider closely misses you.
You hit the orb spider.
The orb spider is lightly wounded.
The jumping spider pounces on you.
* * * LOW HITPOINT WARNING * * *
The jumping spider bites you but does no damage.
The jumping spider pounces on you!
* * * LOW HITPOINT WARNING * * *
The jumping spider bites you but does no damage.
The jumping spider pounces on you.
You die...

.. ... ### #.####.#
##### ##w..s@##^#.^#
.#.#.#sss.....##
#..#.....#...#.
#..##........#
....#...°.....#.#####
.#..#...#....#...#..^#
.....#.#.....#..#...##
#.....^..#†..>.......#
## ..........##.....#


You could see a torpor snail, an orb spider (charged) and 3 jumping spiders.

Vanquished Creatures
  Harold (D:9)
  A hydra (Lair:3)
  2 two-headed ogres
  Pikel (D:8)
  4 wolf spiders (Spider:1)
  A manticore (D:11)
  A moth of wrath (Spider:1)
  A torpor snail (Spider:1)
  Maggie (D:9)
  5 cane toads
  A rime drake (Lair:1)
  A demonic crawler (Spider:1)
  2 komodo dragons
  2 trolls (D:9)
  3 jumping spiders
  A polar bear (Lair:4)
  2 meliai (Lair:4)
  2 slime creatures (D:7)
  6 hippogriffs
  Sigmund (D:5)
  9 redbacks
  2 tarantellas
  4 fire bats (D:8)
  52 yaks
  A basilisk (Lair:2)
  2 wyverns
  5 water moccasins
  A hell hound (D:8)
  4 porcupines
  5 orc warriors
  A hornet zombie (D:7)
  A black bear (D:6)
  4 sky beasts
  3 ice beasts
  2 phantoms
  6 wolves (Lair:3)
  4 ogres
  A lemure (D:8)
  6 crocodiles
  5 centaurs
  3 big kobolds
  13 bullfrogs
  A gnoll sergeant (D:10)
  A wyvern skeleton (D:11)
  5 scorpions
  11 wights
  8 howler monkeys
  2 electric eels (Lair:3)
  A bullfrog zombie (D:5)
  2 lava snakes (D:8)
  4 quasits
  5 hounds
  5 jellies
  2 bullfrog skeletons (D:10)
  6 orc priests
  6 orc wizards
  Crazy Yiuf (D:5)
  Jessica (D:2)
  4 iguanas
  6 worker ants
  A killer bee zombie (D:7)
  A hound skeleton (D:6)
  A hound zombie (D:7)
  A worker ant zombie (D:9)
  Robin (D:2)
  A howler monkey skeleton (D:7)
  13 adders
  4 gnolls
  2 shadow imps
  3 white imps
  An ufetubus (D:9)
  3 oozes
  An adder zombie (D:5)
  An adder skeleton (D:6)
  2 worms
  2 dart slugs (D:1)
  6 leopard geckos
  33 orcs
  5 giant cockroaches
  15 goblins
  6 hobgoblins
  16 jackals
  21 kobolds
  6 quokkas
  4 ball pythons
  4 bats
  6 frilled lizards
  A giant cockroach zombie (D:6)
  A jackal zombie (D:7)
  A quokka zombie (D:8)
  11 rats
  A butterfly (D:6)
  A fire vortex (D:8)
420 creatures vanquished.

Vanquished Creatures (others)
  A slime creature (D:7)
  2 fire vortices (D:8)
  14 fungi (Lair:4)
  27 plants
44 creatures vanquished.

Grand Total: 464 creatures vanquished

Notes
Turn   | Place    | Note
-------+----------+-------------------------------------------
     0 | D:1      | B1Gdaddy5 the Human Berserker began the quest for the Orb.
     0 | D:1      | Reached XP level 1. HP: 18/18 MP: 1/1
    48 | D:1      | You fall into a shaft and drop 1 floor!
    60 | D:2      | Reached XP level 2. HP: 4/24 MP: 2/2
   501 | D:1      | Reached XP level 3. HP: 22/29 MP: 3/3
  1285 | D:1      | Reached XP level 4. HP: 28/35 MP: 4/4
  1590 | D:2      | Noticed Jessica
  1592 | D:2      | Killed Jessica
  1623 | D:2      | Reached ** piety under Trog
  1696 | D:2      | Reached XP level 5. HP: 40/42 MP: 5/5
  2065 | D:2      | Noticed Robin
  2086 | D:2      | Killed Robin
  3272 | D:3      | Reached XP level 6. HP: 48/48 MP: 6/6
  4022 | D:4      | Found a shimmering blue altar of Sif Muna.
  4424 | D:4      | Reached XP level 7. HP: 38/55 MP: 7/7
  4647 | D:4      | Reached *** piety under Trog
  5052 | D:5      | Entered Level 5 of the Dungeon
  5052 | D:5      | Found a bloodstained altar of Trog.
  5195 | D:5      | Found a hazy altar of Hepliaklqana.
  5305 | D:5      | Noticed Sigmund
  5334 | D:5      | Killed Sigmund
  5334 | D:5      | Reached skill level 5 in Polearms
  5442 | D:5      | Found a glowing golden altar of the Shining One.
  5506 | D:5      | Reached skill level 5 in Fighting
  5644 | D:5      | Reached XP level 8. HP: 62/62 MP: 8/8
  5688 | D:5      | Found a runed translucent door.
  5689 | D:5      | Noticed Crazy Yiuf
  5695 | D:5      | Killed Crazy Yiuf
  5935 | D:5      | Reached skill level 5 in Dodging
  5940 | D:5      | Reached skill level 5 in Armour
  6263 | D:6      | Found a staircase to the Ecumenical Temple.
  6274 | D:6      | Found a stormy altar of Qazlal.
  6344 | D:6      | Reached XP level 9. HP: 61/69 MP: 9/9
  7031 | D:6      | Reached **** piety under Trog
  7430 | D:7      | Reached XP level 10. HP: 50/79 MP: 10/10
  7722 | D:7      | Found an ancient bone altar of Kikubaaqudgha.
  8393 | D:7      | Identified the +7 rapier of Mounteimp {freeze, *Noise rElec
                  | rPois MR++}
  8890 | D:8      | Noticed Pikel
  8906 | D:8      | Killed Pikel
  8930 | D:8      | Found a white marble altar of Elyvilon.
  8932 | D:8      | Noticed Gastronok
  9112 | D:7      | Found an ornate altar of the Wu Jian Council.
  9141 | D:7      | Reached skill level 1 in Short Blades
  9238 | D:7      | Found Ebeyqe's Armour Boutique.
  9354 | D:7      | Reached skill level 2 in Short Blades
  9698 | D:7      | Reached skill level 3 in Short Blades
 10402 | D:8      | Reached skill level 4 in Short Blades
 10872 | D:8      | Reached skill level 5 in Short Blades
 10872 | D:8      | Reached XP level 11. HP: 86/86 MP: 11/11
 10881 | D:8      | Reached skill level 6 in Short Blades
 11146 | D:9      | Found an iron altar of Okawaru.
 11310 | D:9      | Noticed Harold
 11344 | D:9      | Killed Harold
 11344 | D:9      | Reached ***** piety under Trog
 11344 | D:9      | Reached skill level 7 in Short Blades
 11353 | D:9      | Noticed a two-headed ogre
 11360 | D:9      | HP: 4/86 [troll (5)]
 11387 | D:9      | Killed a two-headed ogre
 11387 | D:9      | Reached skill level 8 in Short Blades
 12087 | D:9      | Received a gift from Trog
 12305 | D:9      | Noticed Maggie
 12315 | D:9      | Killed Maggie
 12315 | D:9      | Reached skill level 9 in Short Blades
 12871 | D:10     | Entered Level 10 of the Dungeon
 12936 | D:10     | Found Wymavovac's Jewellery Emporium.
 13169 | D:10     | Noticed a two-headed ogre
 13188 | D:10     | Killed a two-headed ogre
 13188 | D:10     | Reached skill level 10 in Short Blades
 13546 | D:10     | Reached skill level 1 in Shields
 14018 | D:11     | Reached XP level 12. HP: 92/92 MP: 12/12
 14267 | D:11     | Found a shadowy altar of Dithmenos.
 14561 | D:11     | Reached skill level 11 in Short Blades
 14889 | D:11     | Found a staircase to the Lair.
 14908 | Lair:1   | Entered Level 1 of the Lair of Beasts
 15091 | Lair:1   | Reached skill level 12 in Short Blades
 16100 | Lair:2   | Reached skill level 5 in Shields
 16194 | Lair:2   | Noticed an eight-headed hydra
 16458 | Lair:3   | Noticed a four-headed hydra
 16469 | Lair:3   | Killed a four-headed hydra
 16492 | Lair:3   | Reached XP level 13. HP: 79/98 MP: 13/13
 17019 | Lair:3   | Reached skill level 13 in Short Blades
 17572 | Lair:4   | Received a gift from Trog
 17573 | Lair:4   | Found the +8 arc blade {discharge, rElec}
 18110 | Lair:4   | Reached skill level 14 in Short Blades
 18199 | Lair:4   | Found a hole to the Spider Nest.
 18669 | Spider:1 | Entered Level 1 of the Spider Nest
 19181 | Lair:4   | Reached skill level 10 in Dodging
 19291 | Spider:1 | HP: 3/99 [jumping spider (11)]
 19291 | Spider:1 | Slain by a jumping spider

Illustrated notes

Levels and vault maps discovered:
D:1:      nzn_arrival_crosshair, layout_loops_cross
D:2:      layout_basic, eino_curves_02, uniq_jessica, uniq_robin
D:3:      layout_loops_ring
D:4:      layout_layer_cave, tgw_sif
D:5:      layout_loops_ring, tso_oasis_becter, kennysheep_mini_moat,
          basic_altar, wad_floor_pattern_untrapped, minmay_manual_mess,
          uniq_sigmund, uniq_crazy_yiuf_cottage
D:6:      layout_basic, nicolae_qazlal_general_emergency,
          minmay_temple_entry_butterflies
D:7:      layout_basic, lemuel_doored_altar, lemuel_coloured_pillars_altar,
          serial_shops, kennysheep_little_box, st_stairs_7, minmay_manual_mullet
D:8:      layout_loops_ring, elyvilon_altar_5, hangedman_incinerator,
          uniq_gastronok, uniq_maurice, uniq_pikel
D:9:      layout_basic, okawaru_metal_pillars_3, uniq_maggie, uniq_harold
D:10:     layout_roguey, serial_shops, shop
D:11:     layout_roguey, dpeg_oklobed_lair, serial_rivers,
          chequers_serial_rivers_small_b, chequers_serial_rivers_micro_e,
          chequers_serial_rivers_small_b, chequers_serial_rivers_micro_e,
          chequers_serial_rivers_micro_e, grunt_dithmenos_smoke
Lair:1:   layout_cave_shapes, lemuel_fruit_tree
Lair:2:   layout_regular_city, elwin_shoals_entry_stream
Lair:3:   layout_regular_city, serial_bayou_shore_a
Lair:4:   dragon1_lemuel, layout_concentric_octagons,
          nicolae_spider_entry_tight_spaces, special_room [special_room_bee],
          grunt_megastairs_1
Spider:1: layout_spider_delve, drop_trap

Skill      XL: |  1  2  3  4  5  6  7  8  9 10 11 12 13 |
---------------+----------------------------------------+-----
Polearms       | 4 5 6 7 8 |  8.1
Dodging        | 3 4 6 8 9 10 | 10.3
Armour         | 3 4 5 6 7 8 |  8.1
Fighting       | 4 5 7 8 |  8.5
Short Blades   | 5 10 12 14 | 14.0
Shields        | 1 5 8 |  8.5
Stealth        | |  0.2

Action                   |  1- 3 |  4- 6 |  7- 9 | 10-12 | 13-15 || total
-------------------------+-------+-------+-------+-------+-------++-------
Melee: Spear             |    99 |   253 |   334 |   189 |       ||   875
       Rapier            |       |       |       |   652 |   297 ||   949
Invok: Berserk           |     1 |     7 |    12 |    25 |     5 ||    50
       Trog's Hand       |       |     1 |     2 |       |       ||     3
Evoke: Wand              |       |       |       |     1 |       ||     1
  Use: Scroll            |       |    14 |     4 |    12 |       ||    30
       Potion            |       |       |     6 |     4 |       ||    10
Armor: Animal skin       |    15 |       |       |       |       ||    15
       Scale mail        |     6 |   132 |   219 |    74 |       ||   431
       Skin              |       |       |   107 |       |       ||   107
       Plate armour      |       |       |       |   298 |   157 ||   455
Dodge: Dodged            |    67 |   146 |   287 |   521 |   216 ||  1237
Block: Buckler           |       |     5 |    67 |   106 |    92 ||   270

Table legend: (Time is in decaauts)
 A = Elapsed time spent in this place.
 B = Non-inter-level travel time spent in this place.
 C = Inter-level travel time spent in this place.
 D = Time resting spent in this place.
 E = Time spent auto-exploring this place.
 F = Levels seen in this place.
 G = Mean time per level.
                   A        B        C        D        E       F      G
               +--------+--------+--------+--------+--------+-----+--------+
         Total |  19327 |  18982 |    345 |   5679 |   8196 |  16 | 1207.9 |
       Dungeon |  15072 |  14784 |    288 |   4168 |   6673 |  11 | 1370.2 |
          Lair |   4127 |   4071 |     56 |   1496 |   1522 |   4 | 1031.8 |
   Spider Nest |    127 |    127 |      0 |     15 |      0 |   1 |  127.0 |
               +--------+--------+--------+--------+--------+-----+--------+

Top non-repeatable levels by time:
     D:7: 2310 daAuts
     D:9: 1826 daAuts
     D:4: 1676 daAuts
  Lair:4: 1589 daAuts
     D:2: 1485 daAuts
     D:8: 1463 daAuts
  Lair:3: 1283 daAuts
     D:5: 1233 daAuts
     D:1: 1193 daAuts
    D:10: 1151 daAuts
     D:6: 1113 daAuts
  Lair:1: 1014 daAuts
    D:11: 884 daAuts
     D:3: 733 daAuts
  Lair:2: 240 daAuts
